 Dungeon Crawl Stone Soup version 0.30-a0-618-gd6c86c23d0 (webtiles) character file.

Game seed: 14895033786962276243

35 bmack86 the Trooper (level 3, -2/33 HPs)
             Began as a Minotaur Fighter on Jan 10, 2023.
             Slain by a gnoll
             ... wielding a +0 spear
              (5 damage)
             ... on level 2 of the Dungeon.
             The game lasted 00:01:46 (1273 turns).

bmack86 the Trooper (Minotaur Fighter)              Turns: 1273, Time: 00:01:46

Health: -2/33      AC:  9    Str: 22    XL:     3   Next: 16%
Magic:  11/11      EV:  9    Int:  5    God:
Gold:   54         SH:  4    Dex:  9    Spells: 2/2 levels left

rFire   . . .      SeeInvis .    a - +0 war axe
rCold   . . .      Faith    .    c - +0 buckler
rNeg    . . .      Spirit   .    b - +0 scale mail
rPois   .          Reflect  .    (helmet restricted)
rElec   .          Harm     .    (no cloak)
rCorr   .          Rampage  .    i - +1 pair of gloves
Will    .....                    (no boots) Stlth
                                 (no amulet)
HPRegen 0.25/turn                j - ring of magical power
MPRegen 0.12/turn                (no ring)

@: no status effects
A: horns 2, retaliatory headbutt
a: no special abilities


You were on level 2 of the Dungeon.
You visited 1 branch of the dungeon, and saw 2 of its levels.

You collected 54 gold pieces.

Inventory:

Hand Weapons
 a - a +0 war axe (weapon)
Missiles
 l - 3 atropa-tipped darts (quivered)
Armour
 b - a +0 scale mail (worn)
 c - a +0 buckler (worn)
 i - a +1 pair of gloves (worn)
Jewellery
 j - a ring of magical power (left hand)
Scrolls
 m - a scroll of fear {unknown}
 n - a scroll of amnesia {unknown}
Potions
 d - 2 potions of might
 e - 2 potions of curing
 f - a potion of attraction {unknown}
 g - a potion of flight {unknown}
 h - a potion of invisibility {unknown}
 k - a potion of mutation {unknown}


   Skills:
 * Level 4.1 Fighting
 * Level 3.2 Axes
 + Level 0.3 Throwing
 + Level 3.9 Armour
 + Level 3.9 Shields


You had 2 spell levels left.
You didn't know any spells.
Your spell library was empty.

Dungeon Overview and Level Annotations

Branches:
Dungeon (2/15)

Altars:
Uskayaw


Innate Abilities, Weirdness & Mutations

You have a pair of horns on your head.
You reflexively headbutt those who attack you in melee.


Message History

You struggle against the net.
You tear a large gash into the net.
The gnoll barely misses you.
You struggle against the net.
The gnoll hits you with a +0 flail.
The gnoll hits you from afar with a +0 spear.
You rip the net and break free!
The gnoll barely misses you. You block the gnoll's attack.
You hit the gnoll.
The gnoll is moderately wounded.
The gnoll hits you with a +0 flail. The gnoll hits you but does no damage.
You slash the gnoll!
The gnoll is severely wounded.
The gnoll hits you with a +0 flail. The gnoll closely misses you.
The gnoll hits you with a +0 flail.
* * * LOW HITPOINT WARNING * * *
The gnoll closely misses you.
You barely miss the gnoll.
The gnoll is severely wounded.
The gnoll closely misses you.
The gnoll hits you from afar with a +0 spear.
* * * LOW HITPOINT WARNING * * *
You hit the gnoll.
You kill the gnoll!
The gnoll hits you from afar with a +0 spear.
* * * LOW HITPOINT WARNING * * *
You have reached level 3!
Your experience leads to an increase in your attributes!
Increase (S)trength, (I)ntelligence, or (D)exterity?
You feel stronger. x2
You are too injured to fight recklessly!
Throw: 4 darts (atropa)
Press: ? - help, Q - select action Shift-Dir - straight line, f - gnoll
Aim: a gnoll, wielding a +0 spear (60% to hit, chance to blind on hit: 100%)
You throw an atropa-tipped dart.
The atropa-tipped dart closely misses the gnoll.
The atropa-tipped dart hits the gnoll.
The gnoll appears confused.
The gnoll closely misses the gnoll.
The gnoll hits itself with a +0 halberd!
The gnoll closely misses you.
The gnoll seems less confused.
The gnoll hits you with a +0 spear.
You die...

## ... .... ###### .....
#....#
..>...#############....###
......'gg@........'....'..
......#############....###
....r #....# ...$ ######
##+


You could see 2 gnolls.

Vanquished Creatures
  2 gnolls (D:2)
  A dart slug (D:1)
  A goblin (D:2)
  2 hobgoblins
  4 kobolds (D:2)
  3 ball pythons
  A rat (D:2)
14 creatures vanquished.

Notes
Turn   | Place    | Note
-------+----------+-------------------------------------------
     0 | D:1      | bmack86 the Minotaur Fighter began the quest for the Orb.
     0 | D:1      | Reached XP level 1. HP: 19/19 MP: 0/0
  1009 | D:2      | Found a hide-covered altar of Uskayaw.
  1074 | D:2      | Reached XP level 2. HP: 27/27 MP: 1/1
  1263 | D:2      | Reached skill level 4 in Fighting
  1272 | D:2      | Reached XP level 3. HP: 2/33 MP: 2/2
  1273 | D:2      | Slain by a gnoll

Illustrated notes

Levels and vault maps discovered:
D:1:      matt_arrival_los_fun, layout_basic, minivault_23
D:2:      layout_basic, basic_altar

Skill      XL: |  1  2 |
---------------+-------+-----
Fighting       | 4 |  4.1
Axes           | 3 |  3.2
Throwing       | |  0.3
Armour         | |  3.9
Shields        | |  3.9

Action                   || total
-------------------------++-------
Melee: War axe           ||    29
       Headbutt          ||     3
Throw: Dart              ||     2
  Use: Scroll            ||     1
Armor: Scale mail        ||    13
Dodge: Dodged            ||    23
Block: Buckler           ||     1

Table legend: (Time is in decaauts)
 A = Elapsed time spent in this place.
 B = Non-inter-level travel time spent in this place.
 C = Inter-level travel time spent in this place.
 D = Time resting spent in this place.
 E = Time spent auto-exploring this place.
 F = Levels seen in this place.
 G = Mean time per level.
                   A        B        C        D        E       F      G
               +--------+--------+--------+--------+--------+-----+--------+
         Total |   1284 |   1284 |      0 |      0 |   1110 |   2 |  642.0 |
       Dungeon |   1284 |   1284 |      0 |      0 |   1110 |   2 |  642.0 |
               +--------+--------+--------+--------+--------+-----+--------+

Top non-repeatable levels by time:
     D:1: 996 daAuts
     D:2: 287 daAuts
